 Dungeon Crawl Stone Soup version 0.30-a0-1104-g706747fef1 (webtiles) character file.

Game seed: 12694885245330974346

555 Lusmu the Shooter (level 7, -3/40 HPs)
             Began as a Kobold Hexslinger on Apr 19, 2023.
             Slain by Crazy Yiuf
             ... wielding a +3 quarterstaff of chaos
              (9 damage)
             ... on level 4 of the Dungeon.
             The game lasted 00:27:30 (3715 turns).

Lusmu the Shooter (Kobold Hexslinger)               Turns: 3715, Time: 00:27:31

Health: -3/40      AC:  3    Str:  7    XL:     7   Next: 56%
Magic:  1/10       EV: 15    Int: 15    God:
Gold:   274        SH:  0    Dex: 20    Spells: 9/10 levels left

rFire   + . .      SeeInvis .    a - +1 sling
rCold   + . .      Faith    .    (no shield)
rNeg    . . .      Spirit   .    c - +0 robe
rPois   +          Reflect  .    (no helmet)
rElec   +          Rampage  .    (no cloak)
rCorr   +          Clarity  +    j - +0 pair of gloves {Dex+3}
Will    .....                    (no boots)
Stlth   ++++                     (no amulet)
HPRegen 0.26/turn                (no ring)
MPRegen 0.12/turn                (no ring)

@: lethally poisoned (-3 -> -11), resistant
A: small, no large weapons, nightstalker 3, clarity, screaming 1
a: no special abilities


You were on level 4 of the Dungeon.
You visited 1 branch of the dungeon, and saw 4 of its levels.

You collected 274 gold pieces.

Inventory:

Hand Weapons
 a - a +1 sling (weapon)
 i - a +1 dagger of venom
 s - a +1 dagger of protection
Missiles
 r - a throwing net
Armour
 c - a +0 robe (worn)
 d - a +0 pair of gloves
 j - a +0 pair of gloves of dexterity (worn)
 k - a +0 leather armour
 t - a scarf of shadows
Wands
 q - a wand of flame (3)
Scrolls
 b - 2 scrolls of poison
 f - 2 scrolls of fear
 g - 2 scrolls of teleportation {unknown}
 l - a scroll of blinking
Potions
 e - 2 potions of brilliance
 h - 4 potions of curing
 m - a potion of lignification
 n - a potion of flight
 o - a potion of magic {unknown}
 p - 3 potions of heal wounds {unknown}


   Skills:
 + Level 2.2 Fighting
 + Level 7.3 Ranged Weapons
 - Level 2.4 Dodging
 - Level 6.0 Stealth
 + Level 2.1 Spellcasting
 + Level 3.5 Hexes


You had 9 spell levels left.
You knew the following spells:

 Your Spells              Type           Power      Damage    Failure   Level
a - Slow                  Hex            48%        N/A       5%          1

Your spell library contained the following spells:

 Spells                   Type           Power      Damage    Failure   Level
 Magic Dart               Conj           4%         1d3       22%         1
 Lesser Beckoning         Tloc           2%         N/A       32%         2
 Poisonous Vapours        Pois/Air       2%         N/A       32%         2
 Searing Ray              Conj           2%         2d4       32%         2
 Inner Flame              Hex/Fire       6%         N/A       32%         3
 Portal Projectile        Hex/Tloc       12%        N/A       32%         3
 Cause Fear               Hex            6%         N/A       45%         4
 Gell's Gravitas          Tloc           1%         N/A       54%         3
 Mephitic Cloud           Conj/Pois/Air  1%         N/A       54%         3
 Teleport Other           Tloc           1%         N/A       54%         3
 Fulminant Prism          Conj/Hex       3%         3d5       71%         4
 Freezing Cloud           Conj/Ice/Air   0%         6-21      99%         5


Dungeon Overview and Level Annotations

Branches:
Dungeon (4/15)
 Temple: D:4-7

Altars:
Ashenzari
Zin

Shops:
D:2 (

Annotations:
D:4 Crazy Yiuf


Innate Abilities, Weirdness & Mutations

You are small and have problems with some larger weapons.
You are completely attuned to the shadows.
You possess an exceptional clarity of mind.
You occasionally shout uncontrollably at your foes.


Message History

Crazy Yiuf whimpers, "Paint horse infinity!"
Crazy Yiuf misses you.
Casting: Slow (safe; 5% risk of failure)
Confirm with . or Enter, or press ? or * to list all spells.
Aiming: Slow (safe; 5% risk of failure)
Press: ? - help, Shift-Dir - straight line, f/p - Crazy Yiuf
Aim: Crazy Yiuf, wielding a +3 quarterstaff of chaos and wearing a +1 cloak of willpower (chance to affect: 21%) Crazy Yiuf resists with almost no effort.
Crazy Yiuf hits you with a +3 quarterstaff of chaos.
Crazy Yiuf burns you.
Casting: Slow (safe; 5% risk of failure)
Confirm with . or Enter, or press ? or * to list all spells.
Aiming: Slow (safe; 5% risk of failure)
Press: ? - help, Shift-Dir - straight line, f/p - Crazy Yiuf
Aim: Crazy Yiuf, wielding a +3 quarterstaff of chaos and wearing a +1 cloak of willpower (chance to affect: 21%) Crazy Yiuf resists with almost no effort.
Crazy Yiuf hits you with a +3 quarterstaff of chaos!
You feel protected.
Crazy Yiuf says, "Mugger bag agre!"
Casting: Slow (safe; 5% risk of failure)
Confirm with . or Enter, or press ? or * to list all spells.
Aiming: Slow (safe; 5% risk of failure)
Press: ? - help, Shift-Dir - straight line, f/p - Crazy Yiuf
Aim: Crazy Yiuf, wielding a +3 quarterstaff of chaos and wearing a +1 cloak of willpower (chance to affect: 21%) Crazy Yiuf resists with almost no effort.
Crazy Yiuf closely misses you.
Casting: Slow (safe; 5% risk of failure)
Confirm with . or Enter, or press ? or * to list all spells.
Aiming: Slow (safe; 5% risk of failure)
Press: ? - help, Shift-Dir - straight line, f/p - Crazy Yiuf
Aim: Crazy Yiuf, wielding a +3 quarterstaff of chaos and wearing a +1 cloak of willpower (chance to affect: 21%) Crazy Yiuf resists with almost no effort.
Crazy Yiuf hits you with a +3 quarterstaff of chaos!
* * * LOW HITPOINT WARNING * * *
You are lethally poisoned!
* * * LOW HITPOINT WARNING * * *
You feel very sick. Crazy Yiuf attacks as you move away!
Crazy Yiuf hits you with a +3 quarterstaff of chaos!
You die...

.....#......#
#.).#.....'
.....#......#
###'#.....#
.....#....###
#..)#
#.........#
.....######
#...#
#.........'
.....# ...
#.........#
.....# #'#
#.........#
.....# ##.#
#.........#
#'#### #g##
#..########
....# ##@#
#..# ....#
#.## #..#
....# ##.##
#..# ....#
#...## #..#
##### #....#
#..# ##..##
##.#
#....#####.#
##.........#
##...######


You could see Crazy Yiuf.

Vanquished Creatures
  Sigmund (D:3)
  A phantom (D:4)
  A jelly (D:4)
  A hound (D:4)
  Natasha (thrice) (D:2)
  3 gnolls (D:4)
  6 adders
  A worm (D:2)
  3 dart slugs
  7 bats
  3 endoplasms
  4 giant cockroaches
  13 goblins
  8 hobgoblins
  5 kobolds
  5 quokkas
  4 ball pythons
  2 frilled lizards (D:1)
  8 rats
79 creatures vanquished.

Vanquished Creatures (collateral kills)
  Robin (D:3)
  A goblin (D:3)
2 creatures vanquished.

Grand Total: 81 creatures vanquished

Notes
Turn   | Place    | Note
-------+----------+-------------------------------------------
     0 | D:1      | Lusmu the Kobold Hexslinger began the quest for the Orb.
     0 | D:1      | Reached XP level 1. HP: 12/12 MP: 2/2
    51 | D:1      | Reached skill level 1 in Stealth
    93 | D:1      | Reached skill level 3 in Ranged Weapons
    96 | D:1      | Reached XP level 2. HP: 16/16 MP: 3/3
   460 | D:1      | Found a faded altar of an unknown god.
   488 | D:1      | Reached XP level 3. HP: 20/20 MP: 4/4
   947 | D:1      | Reached skill level 4 in Ranged Weapons
  1005 | D:2      | You fall into a shaft and drop 2 floors!
  1098 | D:3      | Reached XP level 4. HP: 25/25 MP: 5/5
  1125 | D:2      | Noticed Natasha
  1143 | D:2      | Killed Natasha
  1355 | D:2      | Noticed Natasha
  1410 | D:2      | Found Qowifegu's Antique Weapon Boutique.
  1423 | D:2      | Killed Natasha
  1424 | D:2      | Reached skill level 5 in Ranged Weapons
  1424 | D:2      | Reached XP level 5. HP: 17/29 MP: 6/6
  1476 | D:2      | Gained mutation: You possess an exceptional clarity of
                  | mind. [potion of mutation]
  1476 | D:2      | Gained mutation: You occasionally shout uncontrollably at
                  | your foes. [potion of mutation]
  1476 | D:2      | Gained mutation: You are frail. (-10% HP) [potion of
                  | mutation]
  1476 | D:2      | Lost mutation: You are frail. (-10% HP) [potion of
                  | mutation]
  1602 | D:2      | Noticed Natasha
  1606 | D:2      | Killed Natasha
  1928 | D:3      | Noticed Robin
  2180 | D:3      | Noticed Sigmund
  2224 | D:3      | Killed Robin
  2225 | D:3      | Reached skill level 5 in Stealth
  2233 | D:3      | Killed Sigmund
  2234 | D:3      | Reached skill level 6 in Ranged Weapons
  2234 | D:3      | Reached XP level 6. HP: 26/34 MP: 7/7
  2407 | D:3      | Found a glowing silver altar of Zin.
  2817 | D:4      | Reached skill level 7 in Ranged Weapons
  2817 | D:4      | Reached XP level 7. HP: 28/38 MP: 7/9
  3130 | D:4      | Noticed a water moccasin
  3528 | D:4      | Found a broken altar of Ashenzari.
  3678 | D:4      | Found a runed translucent door.
  3681 | D:4      | Noticed Crazy Yiuf
  3715 | D:4      | Slain by Crazy Yiuf

Illustrated notes

Levels and vault maps discovered:
D:1:      wander_arrival_abandoned_jail, layout_basic,
          ebering_ecumenical_altar_webs
D:2:      layout_rooms, serial_shops, nicolae_shop_tiny_glass, uniq_natasha
D:3:      layout_basic, zin_academy, uniq_sigmund, uniq_robin
D:4:      layout_gridville, mainiacjoe_overflow_alcove_4, minmay_ruptured,
          uniq_crazy_yiuf_cottage

Skill      XL: |  1  2  3  4  5  6  7 |
---------------+----------------------+-----
Stealth        | 1 2 3 4 6 |  6.0
Ranged Weapons | 3 4 5 6 7 |  7.3
Fighting       | 2 |  2.2
Spellcasting   | 2 |  2.1
Dodging        | |  2.4
Hexes          | |  3.5

Action                     |  1- 3 |  4- 6 |  7- 9 || total
---------------------------+-------+-------+-------++-------
  Melee: Dagger            |       |    11 |     7 ||    18
   Fire: Sling             |    95 |    84 |    59 ||   238
   Cast: Slow              |     7 |     5 |    19 ||    31
  Evoke: Wand              |       |     7 |       ||     7
    Use: Scroll            |       |     9 |     1 ||    10
         Potion            |       |     1 |       ||     1
 Armour: Robe              |    16 |     1 |     9 ||    26
  Dodge: Dodged            |    69 |    24 |    39 ||   132

Table legend: (Time is in decaauts)
 A = Elapsed time spent in this place.
 B = Non-inter-level travel time spent in this place.
 C = Inter-level travel time spent in this place.
 D = Time resting spent in this place.
 E = Time spent auto-exploring this place.
 F = Levels seen in this place.
 G = Mean time per level.
                   A        B        C        D        E       F      G
               +--------+--------+--------+--------+--------+-----+--------+
         Total |   3747 |   3485 |    262 |    223 |   1987 |   4 |  936.8 |
       Dungeon |   3747 |   3485 |    262 |    223 |   1987 |   4 |  936.8 |
               +--------+--------+--------+--------+--------+-----+--------+

Top non-repeatable levels by time:
     D:3: 1083 daAuts
     D:4: 960 daAuts
     D:1: 875 daAuts
     D:2: 827 daAuts
